 Dungeon Crawl Stone Soup version 0.18-a0-1323-g706dcef (webtiles) character file.

1938 Duffy the Grappler (level 8, -11/63 HPs)
             Began as a Minotaur Transmuter on Feb 16, 2016.
             Was an Initiate of Cheibriados.
             Mangled by F1L1N's ghost (18 damage)
             ... on level 6 of the Dungeon.
             The game lasted 00:06:11 (6265 turns).

Duffy the Grappler (Minotaur Transmuter)            Turns: 6265, Time: 00:06:12

Health: -11/63     AC: 12    Str: 24    XL:     8   Next: 97%
Magic:  9/9        EV: 13    Int: 11    God:    Cheibriados [......]
Gold:   193        SH:  0    Dex: 17    Spells: 1 memorised, 8 levels left

rFire  . . .     SeeInvis .       - Unarmed
rCold  . . .     Gourm    .     t - +0 chain mail
rNeg   . . .     Faith    .     (no shield)
rPois  .         Spirit   .     (helmet restricted)
rElec  .         Dismiss  .     (no cloak)
rCorr  .         Reflect  .     E - +2 pair of fencer's gloves {LBl+4 SBl+4 EV+3 Dex+6}
SustAt .         Harm     .     (no boots)
MR     .....                    (no amulet)
Stlth  ..........               s - +5 ring of strength
                                x - ring of stealth

@: very slow, not resistant to hostile enchantments, extremely unstealthy
A: retaliatory headbutt, horns 2
a: Bend Time, Renounce Religion


You were on level 6 of the Dungeon.
You worshipped Cheibriados.
Cheibriados was noncommittal.
You were not hungry.

You visited 2 branches of the dungeon, and saw 7 of its levels.

You collected 354 gold pieces.
You spent 161 gold pieces at shops.


Innate Abilities, Weirdness & Mutations

You reflexively headbutt those who attack you in melee.
You have a pair of horns on your head.


   Skills:
 + Level 3.1 Fighting
 + Level 2.7 Armour
 + Level 3.4 Dodging
 - Level 12.0 Unarmed Combat
 - Level 1.3 Spellcasting
 - Level 1.5 Transmutations


You had 8 spell levels left.
You knew the following spells:

 Your Spells              Type           Power        Failure   Level  Hunger
a - Beastly Appendage     Trmt           #.....       97%         1    ##.....

Inventory:

Hand Weapons
 v - a +0 blowgun
Missiles
 a - 48 arrows
 r - 25 poisoned needles
Armour
 b - a +0 robe
 i - a +0 scale mail
 t - a +0 chain mail (worn)
 B - a +2 shield of protection
 E - the +2 pair of fencer's gloves (worn) {LBl+4 SBl+4 EV+3 Dex+6}

   It affects your evasion (+3).
   It affects your dexterity (+6).
 I - a +2 shield
Jewellery
 s - a +5 ring of strength (right hand)
 x - a ring of stealth (left hand)
Scrolls
 f - 2 scrolls of recharging {unknown}
 g - 2 scrolls of enchant armour {unknown}
 h - a scroll of amnesia {unknown}
 j - 3 scrolls of magic mapping {unknown}
 k - 2 scrolls of teleportation {unknown}
 l - 2 scrolls of identify
 q - 2 scrolls of fog
 w - a scroll of random uselessness {unknown}
 y - a scroll of remove curse {unknown}
 A - 3 scrolls of immolation {unknown}
 F - a scroll of blinking
Potions
 e - 3 potions of degeneration
 m - 2 potions of cure mutation
 z - 5 potions of curing
 C - a potion of heal wounds
 D - a potion of flight
 G - a potion of lignification
 H - a potion of ambrosia
 K - a potion of might {unknown}
Books
 c - a book of Changes
Comestibles
 d - 4 bread rations
 n - 3 meat rations
 o - a slice of pizza
 p - a royal jelly
 u - 3 fruits
 J - 2 chunks of flesh

Dungeon Overview and Level Annotations

Branches:
Dungeon (6/15)             Temple (1/1) D:5

Altars:
Ashenzari
Cheibriados
Dithmenos
Elyvilon
Fedhas
Gozag
Kikubaaqudgha
Makhleb
Nemelex Xobeh
Pakellas
Qazlal
Sif Muna
Trog
Vehumet
Xom
Yredelemnul
Zin
The Shining One

Shops:
D:5 *   D:6 *

Annotations:
D:6 Dowan; Duvessa; F1L1N's ghost, novice TrFi


Message History

You are too injured to fight recklessly!
You are too injured to fight recklessly!
You are too injured to fight recklessly!
You are too injured to fight recklessly!
You are too injured to fight recklessly!
You are too injured to fight recklessly!
You are too injured to fight recklessly!
You are too injured to fight recklessly!
You are too injured to fight recklessly!
You are too injured to fight recklessly!
You punch F1L1N's ghost! You headbutt F1L1N's ghost.
F1L1N's ghost is heavily damaged.
F1L1N's ghost hits you but does no damage.
You hit F1L1N's ghost but do no damage. Your headbutt misses F1L1N's ghost.
F1L1N's ghost is heavily damaged.
F1L1N's ghost closely misses you. You furiously retaliate!
You headbutt F1L1N's ghost! You closely miss F1L1N's ghost.
F1L1N's ghost is heavily damaged.
F1L1N's ghost hits you!!
You barely miss F1L1N's ghost. You headbutt F1L1N's ghost!
F1L1N's ghost is severely damaged.
You hit F1L1N's ghost but do no damage.
F1L1N's ghost is severely damaged.
F1L1N's ghost hits you.
You punch F1L1N's ghost!
You headbutt F1L1N's ghost, but do no damage.
Your punch misses F1L1N's ghost.
F1L1N's ghost is almost destroyed.
F1L1N's ghost closely misses you.
You hit F1L1N's ghost but do no damage. Your headbutt misses F1L1N's ghost.
Your punch misses F1L1N's ghost.
F1L1N's ghost is almost destroyed.
F1L1N's ghost hits you!!
You die...

............# #.....
............ ###....
...........# ##.#....
...........# #.......
...........# ##.......
..........# #........
..........# ##........
.......W.# #.........
##.....@## ###.........
####...#####...........
........................
..
...##########.......<..#
.# ## ##........#. #
##....).##. ##....##..
##...##.. #####..#


You could see F1L1N's ghost.

Action                   |  1- 3 |  4- 6 |  7- 9 || total
-------------------------+-------+-------+-------++-------
Melee: Unarmed           |   132 |   121 |   106 ||   359
 Fire: Blowgun           |       |     2 |     8 ||    10
  Use: Scroll            |       |     3 |     4 ||     7
  Eat: Chunk             |     5 |     5 |     7 ||    17

Notes
Turn   | Place    | Note
--------------------------------------------------------------
     0 | D:1      | Duffy the Minotaur Transmuter began the quest for the Orb.
     0 | D:1      | Reached XP level 1. HP: 16/16 MP: 1/1
   294 | D:1      | Reached skill level 4 in Unarmed Combat
   294 | D:1      | Reached XP level 2. HP: 23/23 MP: 3/3
  1296 | D:2      | Reached XP level 3. HP: 20/28 MP: 4/4
  1524 | D:2      | Found a sparkling altar of Nemelex Xobeh.
  1586 | D:2      | Found a glowing golden altar of the Shining One.
  1587 | D:2      | Found a basalt altar of Yredelemnul.
  1802 | D:3      | Found a white marble altar of Elyvilon.
  1919 | D:3      | Reached skill level 5 in Unarmed Combat
  2399 | D:3      | You fall through a shaft!
  2404 | D:4      | Reached XP level 4. HP: 35/35 MP: 5/5
  2901 | D:4      | Reached skill level 6 in Unarmed Combat
  2901 | D:4      | Reached XP level 5. HP: 22/40 MP: 6/6
  3321 | D:4      | Reached skill level 7 in Unarmed Combat
  3456 | D:4      | Reached XP level 6. HP: 22/47 MP: 7/7
  3850 | D:5      | Entered Level 5 of the Dungeon
  3866 | D:5      | Reached skill level 8 in Unarmed Combat
  4025 | D:5      | Noticed Edmund
  4051 | D:5      | Killed Edmund
  4051 | D:5      | Reached XP level 7. HP: 36/52 MP: 8/8
  4290 | D:5      | Noticed Eustachio
  4300 | D:5      | Killed Eustachio
  4300 | D:5      | Reached skill level 9 in Unarmed Combat
  4451 | D:5      | Found Yna Ufis's General Store.
  4456 | D:5      | Bought a scroll of blinking for 105 gold pieces
  4456 | D:5      | Bought a scroll of fog for 28 gold pieces
  4456 | D:5      | Bought a scroll of identify for 28 gold pieces
  4572 | D:5      | Noticed Prince Ribbit
  4589 | D:5      | Killed Prince Ribbit
  4589 | D:5      | Reached skill level 10 in Unarmed Combat
  4826 | D:5      | Found a deep blue altar of Sif Muna.
  4846 | D:5      | Reached XP level 8. HP: 57/59 MP: 9/9
  4869 | D:5      | Found a stormy altar of Qazlal.
  4905 | D:5      | Noticed Grinder
  4914 | D:5      | Killed Grinder
  4914 | D:5      | Reached skill level 11 in Unarmed Combat
  5184 | D:5      | Found a staircase to the Ecumenical Temple.
  5193 | Temple   | Entered the Ecumenical Temple
  5277 | Temple   | Became a worshipper of Cheibriados the Contemplative
  5776 | D:6      | Noticed Blork the orc
  5781 | D:6      | Killed Blork the orc
  5813 | D:6      | Found Zin's Purification Station.
  5813 | D:6      | Found a glowing silver altar of Zin.
  5889 | D:6      | Reached skill level 12 in Unarmed Combat
  5899 | D:6      | Found a shattered altar of Ashenzari.
  5904 | D:6      | Noticed Duvessa
  5905 | D:6      | Noticed Dowan
  5921 | D:6      | Found a snail-covered altar of Cheibriados.
  6024 | D:6      | Reached skill level 2 in Fighting
  6024 | D:6      | Reached skill level 1 in Armour
  6084 | D:6      | Reached skill level 2 in Armour
  6084 | D:6      | Reached skill level 3 in Dodging
  6251 | D:6      | Noticed F1L1N's ghost (novice TrFi)
  6251 | D:6      | Reached skill level 3 in Fighting
  6265 | D:6      | Mangled by F1L1N's ghost

Vault maps used:
D:1:      minmay_arrival_open_corners, solitary_fountain
D:2:      minitemple, serial_park_tiny_2
D:3:      elyvilon_altar_1, first_bread
D:5:      lemuel_temple_firewalk, serial_shops, shop_fountains, basic_altar,
          st_stairs_14, nicolae_qazlal_eye_of_the_storm, uniq_grinder,
          uniq_eustachio, uniq_edmund, uniq_prince_ribbit1
D:6:      kennysheep_big_flooded_room, zin_purify,
          nicolae_overflow_hidden_temple, basic_altar,
          cheibriados_altar_wand_db, uniq_duvessa, uniq_blork_the_orc
Temple:   minmay_crystal_spiral_temple_12

Vanquished Creatures
  Prince Ribbit Grinder Eustachio Edmund
  2 necrophages
  An orc warrior
  An ogre
  A phantom
  A sky beast Blork the orc
  A giant frog
  2 scorpions
  A crimson imp
  A giant frog zombie
  A jelly
  A hound
  A centaur skeleton
  A giant frog skeleton
  2 orc wizards
  An orc priest
  An iguana
  5 worker ants
  A hound zombie
  A worker ant zombie
  4 adders
  An ooze
  An adder zombie
  An adder skeleton
  3 worms
  5 giant geckos
  7 orcs
  6 bats
  2 giant cockroaches
  11 hobgoblins
  3 jackals
  2 quokkas
  A ball python
  A giant gecko zombie
  4 giant newts
  4 goblins
  7 kobolds
  A quokka zombie
  3 rats
98 creatures vanquished.
